 Dungeon Crawl Stone Soup version 0.18-a0-1396-g8753ca6 (webtiles) character file.

481 Ratboiler the Shield-Bearer (level 6, -11/50 HPs)
             Began as a Demigod Fighter on Feb 23, 2016.
             Mangled by an ogre
             ... wielding a +0 giant spiked club
              (13 damage)
             ... on level 5 of the Dungeon.
             The game lasted 00:17:17 (2960 turns).

Ratboiler the Shield-Bearer (Demigod Fighter)       Turns: 2960, Time: 00:17:17

Health: -11/50     AC: 10    Str: 19    XL:     6   Next: 56%
Magic:  8/8        EV:  7    Int: 12    God:
Gold:   271        SH: 10    Dex: 19    Spells: 0 memorised, 5 levels left

rFire  . . .     SeeInvis .     a - +0 long sword
rCold  . . .     Gourm    .     b - +0 scale mail
rNeg   . . .     Faith    .     c - +0 shield
rPois  .         Spirit   .     A - +0 helmet
rElec  .         Dismiss  .     G - +2 cloak
rCorr  .         Reflect  .     (no gloves)
SustAt +         Harm     .     (no boots)
MR     .....                    (no amulet)
Stlth  ..........               (no ring)
                                (no ring)

@: not resistant to hostile enchantments, extremely unstealthy
A: high mp 1, sustain attributes
a: no special abilities


You were on level 5 of the Dungeon.
You were not hungry.

You visited 1 branch of the dungeon, and saw 5 of its levels.

You collected 271 gold pieces.

Inventory:

Hand Weapons
 a - a +0 long sword (weapon)
 z - a cursed +0 hunting sling
Missiles
 e - 55 stones
 g - 8 needles of sleeping
 m - 16 poisoned needles
 w - 6 tomahawks of returning (quivered)
Armour
 b - a +0 scale mail (worn)
 c - a +0 shield (worn)
 A - a +0 helmet (worn)
 G - a +2 cloak (worn)
Jewellery
 q - an uncursed amulet of harm {unknown}
 r - an uncursed amulet of magic regeneration {unknown}
 t - an uncursed ring of protection from magic {unknown}
 y - an uncursed ring of protection from fire {unknown}
Scrolls
 d - a scroll of teleportation
 i - 2 scrolls of enchant weapon
 n - 3 scrolls of noise
 s - a scroll of fear {unknown}
 v - a scroll of immolation {unknown}
 x - a scroll of remove curse {unknown}
 B - a scroll of enchant armour {unknown}
 C - a scroll of magic mapping {unknown}
 D - a scroll of blinking {unknown}
 E - a scroll of amnesia {unknown}
 F - a scroll of random uselessness {unknown}
Potions
 h - a potion of degeneration {unknown}
 j - a potion of mutation {unknown}
 k - 2 potions of curing
 l - a potion of beneficial mutation {unknown}
 p - 2 potions of resistance {unknown}
 u - 2 potions of heal wounds {unknown}
Comestibles
 f - 7 bread rations
 o - 2 meat rations


   Skills:
 - Level 2.6 Fighting
 + Level 5.0 Long Blades
 - Level 2.6 Armour
 + Level 5.3 Shields


You had 5 spell levels left.
You didn't know any spells.

Dungeon Overview and Level Annotations

Branches:
Dungeon (5/15)             Temple (0/1) D:4

Annotations:
D:3 Eustachio
D:4 Pikel


Innate Abilities, Weirdness & Mutations

You have an increased reservoir of magic (+10% MP).
Your attributes are resistant to harm.


Message History

You are too injured to fight recklessly!
You are too injured to fight recklessly!
There is a stone staircase leading down here.
Your shield and scale mail prevent you from hitting the ogre.
The ogre hits you with a giant spiked club!
You slash the ogre!
The ogre is heavily wounded.
You block the ogre's attack.
You barely miss the ogre.
The ogre is heavily wounded.
You slash the ogre!
The ogre is almost dead.
The ogre hits you with a giant spiked club!!
Ouch! That really hurt!
* * * LOW HITPOINT WARNING * * *
The crimson imp blinks!
There is an open door here.
There is an open door here.
The ogre hits you with a giant spiked club!
You die...

.#####.# .# #.# .# #.# .# #.#
##### .#####.# #...#
.#...#'######### #...#
.#.............# #...#
.#.............####...###########
.#.............O@................
.#.............################..
.##............# #..
.###+####5###### ###.. <....#
#.################ #.@.. ######
#>...............# #.#.# $....#
#.##############.# #@#.# .....#
#.# #.# #.#.# .....# #.# #.#
#.#.#


You could see an ogre and a crimson imp.

Vanquished Creatures
  An ice beast (D:5)
  Duvessa (D:3)
  A slave (D:5)
  Dowan (D:3)
  A vampire bat (D:3)
  An orc wizard (D:3)
  2 worker ants (D:5)
  5 adders
  2 worms
  2 dart slugs (D:1)
  4 giant geckos
  3 orcs
  9 bats
  2 bat skeletons (D:3)
  5 bat zombies (D:3)
  3 giant cockroaches
  3 goblins
  2 hobgoblins
  A quokka (D:3)
  3 ball pythons
  2 giant newts
  5 kobolds
  4 rats
63 creatures vanquished.

Notes
Turn   | Place    | Note
--------------------------------------------------------------
     0 | D:1      | Ratboiler the Demigod Fighter began the quest for the Orb.
     0 | D:1      | Reached XP level 1. HP: 18/18 MP: 3/3
   396 | D:1      | Reached XP level 2. HP: 18/25 MP: 4/4
   575 | D:2      | Found a glowing silver altar of Zin.
   606 | D:2      | Found a shimmering altar of Xom.
   606 | D:2      | Found an iron altar of Okawaru.
   723 | D:2      | Found an opulent altar of Gozag.
   789 | D:2      | Reached XP level 3. HP: 19/30 MP: 5/5
  1181 | D:3      | Found an ancient bone altar of Kikubaaqudgha.
  1202 | D:3      | Reached XP level 4. HP: 33/37 MP: 6/6
  1408 | D:3      | Noticed a two-headed ogre
  1440 | D:3      | Found an opulent altar of Gozag.
  1678 | D:3      | Reached XP level 5. HP: 42/42 MP: 7/7
  1766 | D:3      | Found a sacrificial altar of Ru.
  1943 | D:4      | Noticed Duvessa
  1943 | D:4      | Noticed Dowan
  1971 | D:3      | Killed Duvessa
  1977 | D:3      | Killed Dowan
  1977 | D:3      | Reached XP level 6. HP: 14/50 MP: 8/8
  2090 | D:4      | Found a staircase to the Ecumenical Temple.
  2159 | D:5      | Entered Level 5 of the Dungeon
  2300 | D:5      | Noticed Eustachio
  2631 | D:5      | Reached skill level 5 in Shields
  2664 | D:5      | Reached skill level 5 in Long Blades
  2879 | D:4      | Noticed Pikel
  2951 | D:5      | HP: 1/50 [ogre/giant spiked club (26)]
  2960 | D:5      | Mangled by an ogre

Vault maps used:
D:1:      dpeg_arrival_subterranean_lakeside_camping
D:2:      old_standard_altar, zin_statuary, gammafunk_temple_overflow_elements,
          kennysheep_cross_bottleneck
D:3:      nicolae_ru_awakened_eye, kennysheep_vampire_church,
          nicolae_gozag_seed_capital
D:4:      marbit_many_paths, minmay_temple_entry_grid, first_bread,
          uniq_duvessa, uniq_pikel
D:5:      uniq_eustachio

Skill      XL: |  1  2  3  4  5  6 |
---------------+-------------------+-----
Long Blades    | 2 3 4 5 |  5.0
Shields        | 3 4 5 |  5.3
Fighting       | |  2.6
Armour         | |  2.6

Action                   |  1- 3 |  4- 6 || total
-------------------------+-------+-------++-------
Melee: Long sword        |   108 |   138 ||   246
Throw: Stone             |     7 |    13 ||    20
  Use: Scroll            |     2 |     1 ||     3
       Potion            |       |     2 ||     2
  Eat: Pizza             |     1 |       ||     1
       Meat ration       |       |     1 ||     1
